Map: [ESL] Alcyone

Players

gumiho - Winner!

  • Race: Terran Terran
  • Spawn Location: 1:00

BlyOnFire (Bly)

  • Race: Zerg Zerg
  • Spawn Location: 7:00

Event: IEM Katowice 2024

VOD

Have the link to the VOD?

Description

Time

  • Played on: Dec. 7, 2023, 2:23 p.m.
  • Length: 11:57

All games in this series

Show
View Real Time Build Order
Export as new Build Order

gumiho Terran - Winner!

Build Orders: Gas First Reaper Expand, Mech, Banshee Rush 

Get SALT Encoding   

  12  0:00  SCV  
  13  0:12  SCV  
  14  0:17  Supply Depot  
  14  0:24  SCV  
  14  0:27  Refinery  
  15  0:38  SCV  
  16  0:44  Barracks  
  16  0:50  SCV  
  17  1:03  SCV  
  18  1:15  SCV  
  19  1:31  Orbital Command, Reaper  
  20  1:40  Command Center  
  20  1:51  Factory  
  20  1:56  SCV  
  20  2:00  Refinery  
  21  2:04  Barracks Reactor  
  21  2:09  SCV  
  21  2:13  Supply Depot  
  22  2:21  SCV  
  23  2:35  SCV  
  24  2:37  Starport  
  24  2:45  Hellion x2  
  24  2:47  SCV  
  29  2:53  Orbital Command, Barracks Tech Lab  
  29  2:59  SCV  
  30  3:07  Hellion  
  30  3:08  Hellion  
  30  3:11  SCV  
  35  3:20  SCV  
  35  3:22  Supply Depot  
  35  3:23  Banshee  
  39  3:28  Cloaking Field  
  39  3:30  SCV  
  39  3:32  SCV  
  41  3:45  Factory Tech Lab, Marine x2, SCV x2  
  45  3:49  Supply Depot  
  45  3:57  SCV x2  
  45  4:00  Bunker  
  47  4:04  Marine x2  
  47  4:05  Siege Tank  
  47  4:09  SCV x2  
  52  4:11  Banshee  
  51  4:21  SCV x2  
  51  4:22  Marine x2  
  55  4:26  Supply Depot  
  55  4:27  Refinery  
  55  4:33  SCV x2  
  55  4:42  Factory  
  55  4:43  Refinery  
  55  4:47  Cyclone  
  55  4:49  Cyclone  
  55  4:51  Engineering Bay  
  59  4:53  SCV x2  
  59  4:58  Supply Depot  
  61  5:05  SCV x2  
  63  5:11  Supply Depot  
  63  5:12  Supply Depot  
  63  5:17  SCV x2  
  63  5:19  Missile Turret  
  63  5:20  Cyclone  
  63  5:21  Cyclone  
  66  5:23  Missile Turret x2  
  66  5:26  Cyclone  
  68  5:30  Missile Turret  
  68  5:33  SCV x2  
  70  5:36  Hurricane Engines  
  70  5:39  Raven  
  72  5:52  Command Center  
  72  5:54  Cyclone  
  74  5:57  Cyclone  
  74  6:00  Cyclone  
  78  6:08  SCV x2  
  78  6:21  SCV x2  
  78  6:26  Cyclone  
  78  6:29  Cyclone  
  78  6:31  Banshee  
  78  6:32  Cyclone  
  87  6:33  SCV x2  
  83  6:45  SCV x2  
  85  6:57  SCV  
  85  6:58  Cyclone, SCV  
  89  7:01  Cyclone  
  89  7:04  Cyclone  
  80  7:10  SCV x2  
  80  7:13  Orbital Command  
  73  7:16  Factory  
  73  7:17  Banshee  
  73  7:22  SCV x2  
  71  7:30  Cyclone  
  71  7:33  Cyclone  
  71  7:35  Orbital Command  
  71  7:36  Cyclone  
  77  7:37  Factory  
  77  7:38  Factory  
  77  7:44  Infernal Pre-Igniter  
  77  7:47  SCV x2  
  77  7:48  Missile Turret  
  79  7:52  Missile Turret  
  76  7:59  SCV x2  
  76  8:02  Hellion  
  79  8:06  Hellion  
  79  8:11  SCV x2  
  79  8:12  Cyclone x2  
  84  8:23  Cyclone, Missile Turret, SCV x2  
  88  8:31  Cyclone  
  90  8:35  SCV x3  
  93  8:44  Medivac  
  93  8:45  Cyclone  
  93  8:47  SCV x2  
  99  8:50  Cyclone  
  99  8:53  SCV  
  102  8:56  Supply Depot  
  102  8:57  Supply Depot  
  102  8:59  SCV  
  103  9:04  Cyclone x2  
  103  9:05  Hellion  
  109  9:15  Refinery  
  109  9:18  Hellion x2  
  113  9:24  Cyclone  
  113  9:26  Cyclone  
  113  9:34  SCV x2  
  113  9:36  Cyclone x2  
  113  9:37  SCV  
  120  9:39  Cyclone x2  
  120  9:40  Supply Depot  
  120  9:41  Refinery  
  120  9:42  Supply Depot  
  120  9:43  Armory, Supply Depot  
  124  9:46  SCV  
  124  9:51  Command Center, SCV x2  
  127  9:59  Cyclone  
  131  10:00  Cyclone  
  131  10:05  SCV x2  
  133  10:08  Hellion  
  133  10:09  Hellion, Missile Turret  
  133  10:10  Missile Turret  
  137  10:16  Cyclone x2  
  137  10:21  SCV x3  
  134  10:25  Missile Turret  
  131  10:29  Cyclone  
  131  10:30  Cyclone  
  131  10:32  Cyclone  
  131  10:33  Banshee, SCV x3  
  143  10:42  Cyclone  
  145  10:45  SCV x2  
  145  10:46  SCV  
  145  10:48  Cyclone x2  
  147  10:57  Missile Turret, SCV x2  
  147  10:58  SCV  
  147  11:02  Cyclone x2, Missile Turret  
  147  11:04  Cyclone  
  156  11:12  SCV x2  
  156  11:14  Cyclone  
  160  11:20  Cyclone x2  
  147  11:40  SCV x3  
Show
View Real Time Build Order
Export as new Build Order

BlyOnFire Zerg 

Build Orders: Hatch First 

Get SALT Encoding   

  12  0:00  Drone  
  13  0:12  Overlord  
  13  0:17  Drone  
  14  0:30  Drone x2  
  16  0:47  Drone  
  17  0:54  Hatchery  
  16  0:58  Drone x2  
  18  1:11  Extractor  
  18  1:14  Spawning Pool  
  18  1:18  Drone  
  17  1:20  Drone  
  18  1:27  Drone  
  19  1:38  Drone  
  20  1:48  Overlord  
  20  1:53  Extractor  
  19  2:02  Queen  
  19  2:06  Queen  
  19  2:07  Drone  
  25  2:10  Drone  
  25  2:12  Drone  
  27  2:19  Metabolic Boost  
  27  2:28  Unknown  
  26  2:30  Drone x2  
  26  2:36  Overlord  
  28  2:46  Overlord  
  28  2:47  Queen  
  28  2:50  Drone x2  
  32  2:57  Lair  
  32  3:00  Drone  
  33  3:11  Zergling x2  
  33  3:12  Zergling x4  
  36  3:13  Zergling x4  
  36  3:16  Drone  
  39  3:21  Drone x2  
  39  3:22  Drone  
  42  3:27  Drone  
  42  3:28  Extractor, Drone  
  43  3:44  Drone x2, Overlord  
  43  3:47  Drone x3  
  48  3:57  Spire  
  46  4:07  Zergling x4  
  47  4:10  Hatchery  
  44  4:17  Zergling x8  
  44  4:24  Drone x3  
  50  4:39  Overlord x2  
  50  4:41  Drone x3  
  50  4:43  Baneling Nest  
  50  4:53  Spore Crawler x2  
  50  4:58  Overseer  
  48  5:10  Mutalisk x5  
  58  5:19  Mutalisk x3  
  64  5:29  Mutalisk x2  
  68  5:39  Mutalisk x3  
  74  5:47  Overlord x2  
  74  5:58  Centrifugal Hooks  
  74  6:01  Overlord x2  
  63  6:21  Zergling x24  
  74  6:28  Zergling x12  
  74  6:29  Zergling x2  
  81  6:44  Mutalisk x4  
  84  6:54  Zergling x6  
  66  7:10  Mutalisk  
  66  7:11  Mutalisk x3  
  65  7:17  Drone x2  
  65  7:27  Baneling x7  
  63  7:35  Drone x4  
  66  7:43  Baneling x6  
  62  7:58  Drone x7  
  64  8:11  Mutalisk  
  64  8:12  Mutalisk x2  
  66  8:14  Drone x2  
  68  8:23  Zergling x2  
  68  8:24  Zergling x8  
  74  8:34  Zergling x10  
  78  8:49  Drone x8  
  78  8:53  Zerg Flyer Weapons Level 1  
  85  9:12  Spore Crawler  
  85  9:14  Extractor x2  
  85  9:16  Mutalisk  
  82  9:17  Mutalisk x5  
  86  9:38  Zergling x12  
  86  9:42  Drone x2  
  93  9:56  Zergling x2  
  93  9:57  Zergling x2  
  94  10:00  Baneling x8  
  94  10:04  Hatchery  
  93  10:08  Drone x3  
  93  10:09  Drone x2  
  98  10:17  Hatchery  
  93  10:32  Mutalisk x3  
  99  10:41  Overlord x5  
  99  10:58  Baneling x13  
  99  11:02  Zergling x8  
  103  11:06  Baneling x4  
  102  11:32  Zergling x14  

Tags
 
Add a new tag
Caveats
  • Supply blocks, unpowered buildings, or Contaminate may cause inaccurate times.
  • Supply counts are checked every 10 seconds.